 Dungeon Crawl Stone Soup version 0.30-a0-374-g95c0257040 (webtiles) character file.

Game seed: 203610710255147046

11939 Essalna the Zephyrmancer (level 11, -1/71 HPs)
             Began as a Tengu Air Elementalist on Nov 25, 2022.
             Was a High Priest of Vehumet.
             Succumbed to an orc knight's poison
             ... on level 2 of the Orcish Mines.
             The game lasted 00:29:05 (10064 turns).

Essalna the Zephyrmancer (Tengu Air Elementalist)  Turns: 10064, Time: 00:29:06

Health: -1/71      AC: 10    Str: 10    XL:     11   Next: 85%
Magic:  7/16       EV: 22    Int: 19    God:    Vehumet [*****.]
Gold:   1570       SH:  0    Dex: 14    Spells: 0/15 levels left

rFire   + . .      SeeInvis +    d - staff of air
rCold   . . .      Faith    .    (no shield)
rNeg    . . .      Spirit   .    I - +0 steam dragon scales
rPois   .          Reflect  .    R - +1 hat {SInv}
rElec   +          Harm     .    r - +0 cloak
rCorr   .          Rampage  .    t - +0 pair of gloves
Will    .....                    (boots unavailable)
Stlth   ++........               q - amulet of magic regeneration
HPRegen 0.31/turn                y - +4 ring of evasion
MPRegen 0.55/turn                O - ring of protection from fire

@: mighty, brilliant, lethally poisoned (-1 -> -7), flying quickly and
evasively, quick
A: beak, talons 3, nimble flight
a: Renounce Religion


You were on level 2 of the Orcish Mines.
You worshipped Vehumet.
Vehumet was extremely pleased with you.
You visited 2 branches of the dungeon, and saw 12 of its levels.

You collected 1570 gold pieces.

Inventory:

Hand Weapons
 h - a +3 dagger of freezing
 x - a +2 rapier of electrocution
 N - a +3 spectral quarterstaff
Armour
 a - a +0 robe
 r - a +0 cloak (worn)
 t - a +0 pair of gloves (worn)
 v - a +1 leather armour of cold resistance
 I - +0 steam dragon scales (worn)
 R - a +1 hat of see invisible (worn)
Magical Staves
 d - a staff of air (weapon)
 P - a staff of conjuration
Jewellery
 m - a ring of fire
 q - an amulet of magic regeneration (around neck)
 y - a +4 ring of evasion (left hand)
 O - a ring of protection from fire (right hand)
 T - a ring of resist corrosion
Wands
 A - a wand of acid (11)
 D - a wand of roots (5)
 J - a wand of polymorph (16)
 L - a wand of flame (33)
Scrolls
 e - 2 scrolls of amnesia
 g - 2 scrolls of blinking
 i - 5 scrolls of teleportation
 j - 2 scrolls of magic mapping
 l - 2 scrolls of fear
 n - a scroll of brand weapon
 p - a scroll of torment
 z - a scroll of vulnerability
 B - a scroll of silence
Potions
 b - 2 potions of magic
 c - 4 potions of attraction
 f - a potion of haste
 k - 3 potions of degeneration
 o - 2 potions of mutation
 s - 2 potions of might
 u - 2 potions of brilliance
 w - 2 potions of heal wounds {unknown}
 E - a potion of flight {unknown}
 F - a potion of resistance {unknown}
 G - a potion of ambrosia {unknown}
 H - 2 potions of invisibility {unknown}
 K - 2 potions of berserk rage {unknown}
 M - 6 potions of curing {unknown}


   Skills:
 + Level 9.0 Fighting
 - Level 7.0 Armour
 + Level 7.9 Dodging
 - Level 2.0 Stealth
 + Level 2.9 Spellcasting
 + Level 12.0 Conjurations
 + Level 12.6 Air Magic


You couldn't memorise any spells.
You knew the following spells:

 Your Spells              Type           Power      Damage    Failure   Level
a - Shock                 Conj/Air       100%       1d9       1%          1
b - Static Discharge      Conj/Air       100%       2-7/arc   1%          2
c - Swiftness             Air            85%        N/A       1%          3
d - Airstrike             Air            42%        2d(7-23)  1%          4
e - Lightning Bolt        Conj/Air       42%        1d61      1%          5

Your spell library contained the following spells:

 Spells                   Type           Power      Damage    Failure   Level
 Magic Dart               Conj           100%       1d8       1%          1
 Poisonous Vapours        Pois/Air       100%       N/A       1%          2
 Cigotuvi's Dreadful Rot  Necr/Pois/Air  84%        N/A       4%          2
 Sting                    Tmut/Pois      16%        1d3       16%         1
 Ensorcelled Hibernation  Hex/Ice        8%         N/A       24%         2
 Passwall                 Tmut/Erth      3%         N/A       24%         2
 Olgreb's Toxic Radiance  Pois           4%         N/A       36%         4
 Portal Projectile        Hex/Tloc       8%         N/A       43%         3
 Tukima's Dance           Hex            4%         N/A       43%         3
 Dispel Undead            Necr           4%         3d7       83%         4
 Blade Hands              Tmut           2%         N/A       99%         5
 Death Channel            Necr           2%         N/A       100%        6


Dungeon Overview and Level Annotations

Branches:
Dungeon (10/15)            Temple (0/1) D:4             Orc (2/2) D:10
    Elf (0/3) Orc:2
   Lair: D:8-11

Altars:
Ashenzari
Dithmenos
Elyvilon
Fedhas
Hepliaklqana
Kikubaaqudgha
Makhleb
Nemelex Xobeh
Okawaru
Sif Muna
Trog
Uskayaw
Vehumet
Wu Jian
Zin

Shops:
D:3 (   D:5 *

Annotations:
D:10 2 transporters


Innate Abilities, Weirdness & Mutations

You have a beak for a mouth.
You have claws for feet.
Your magical nature lets you fly swiftly and evasively.


Message History

Confirm with . or Enter, or press ? or * to list all spells.
You feel a surge of power!
The orc knight is struck by an arc of lightning.
The orc knight is severely wounded.
You resist.
You are struck by an arc of lightning.
The orc knight is struck by an arc of lightning.
The orc knight is severely wounded.
The lightning grounds out.
* * * LOW HITPOINT WARNING * * *
You feel very sick. The orc knight barely misses you.
The orc warrior shoots a bolt.
The bolt misses you.
Casting: Static Discharge (safe; 1% risk of failure)
Confirm with . or Enter, or press ? or * to list all spells.
You feel a surge of power!
The orc knight is struck by an arc of lightning.
The orc knight is almost dead.
You resist.
You are struck by an arc of lightning.
The orc knight is struck by an arc of lightning.
The orc knight is almost dead.
The lightning grounds out.
You feel very sick. The orc knight closely misses you.
The orc warrior shoots a bolt.
The bolt hits you!
* * * LOW HITPOINT WARNING * * *
Okay, then.
Unknown command.
Unknown command.
Blink to where?
Press: ? - help, Dir - move target
As you read the scroll of blinking, it crumbles to dust.
* * * LOW HITPOINT WARNING * * *
You feel very sick.
It was a potion of brilliance.
You feel clever all of a sudden.
* * * LOW HITPOINT WARNING * * *
You feel sick.
It was a potion of might.
You feel very mighty all of a sudden.
You die...

#...#####.## ####### #
##.##..#...#### #..#..#### ####
#.........##.####..####.####...
#.............#......#...##....
###.........##.#........#.###....
#.#..........#.#........#..#.....
#.....#....####............#.....
......##....##.............#.....
....###.#....#..@...###..........
......####.......#### ##.........
.......###........# #..........
....#.#.#.........######.........
......................#..........
.................................
................o<)..............
............##...o).....#.###....
#...........#####......... ...


You could see an orc knight and an orc warrior (strong).

Vanquished Creatures
  Gastronok (D:9)
  2 two-headed ogres
  Lodul (D:10)
  An orc sorcerer (Orc:1)
  A smoke demon (Orc:2)
  Maggie (D:6)
  2 kobold demonologists (D:10)
  3 trolls
  A wyvern (D:8)
  6 yaks (D:10)
  Eustachio (D:4)
  A steam dragon (D:6)
  3 wargs (D:10)
  A black bear (D:4)
  16 orc warriors
  15 ogres
  A phantom (D:5)
  3 centaurs
  A kobold brigand (D:9)
  A necrophage (D:8)
  A gnoll sergeant (D:6)
  2 bullfrogs
  8 wights
  2 vampire bats (Orc:2)
  2 howler monkeys
  A jelly (D:6)
  2 hounds (D:4)
  9 orc priests
  A gnoll bouda (D:5)
  Crazy Yiuf (D:6)
  Terence (D:2)
  3 iguanas
  22 orc wizards
  13 gnolls
  An adder (D:6)
  A shadow imp (D:6)
  An ufetubus (D:6)
  A worm (D:3)
  3 dart slugs
  96 orcs
  10 bats
  7 endoplasms
  2 giant cockroaches
  6 goblins
  5 hobgoblins
  14 kobolds
  3 quokkas
  6 ball pythons
  5 frilled lizards
  2 rats
293 creatures vanquished.

Notes
Turn   | Place    | Note
-------+----------+-------------------------------------------
     0 | D:1      | Essalna the Tengu Air Elementalist began the quest for the
                  | Orb.
     0 | D:1      | Reached XP level 1. HP: 10/10 MP: 4/4
   467 | D:1      | Reached XP level 2. HP: 15/15 MP: 3/6
   834 | D:1      | Learned a level 2 spell: Static Discharge
  1017 | D:2      | Identified a scroll of acquirement
  1017 | D:2      | Acquired a staff of air
  1121 | D:2      | Reached XP level 3. HP: 19/19 MP: 5/7
  1272 | D:2      | Noticed Terence
  1279 | D:2      | Killed Terence
  1280 | D:2      | Reached skill level 5 in Air Magic
  1677 | D:2      | Reached skill level 1 in Fighting
  1751 | D:3      | Found an iron altar of Okawaru.
  1756 | D:3      | Reached XP level 4. HP: 25/25 MP: 6/8
  1790 | D:3      | Found a glowing silver altar of Zin.
  2058 | D:3      | Found a white marble altar of Elyvilon.
  2235 | D:3      | Found a burning altar of Makhleb.
  2237 | D:3      | Found a blossoming altar of Fedhas.
  2337 | D:3      | Found an ancient bone altar of Kikubaaqudgha.
  2344 | D:3      | Found a shimmering blue altar of Sif Muna.
  2346 | D:3      | Found a radiant altar of Vehumet.
  2352 | D:3      | Got Vehumet's Omnibus of Concussion
  2354 | D:3      | Became a worshipper of Vehumet
  2534 | D:3      | Found Cown's Antique Weapon Emporium.
  2566 | D:3      | Learned a level 3 spell: Swiftness
  2709 | D:4      | Found a staircase to the Ecumenical Temple.
  2777 | D:4      | Gained mutation: Your magical nature lets you fly swiftly
                  | and evasively. [Tengu growth]
  2777 | D:4      | Reached XP level 5. HP: 21/30 MP: 6/9
  2837 | D:4      | Noticed Eustachio
  2842 | D:4      | Found a hide-covered altar of Uskayaw.
  2886 | D:4      | Killed Eustachio
  2887 | D:4      | Reached skill level 5 in Conjurations
  2887 | D:4      | Reached XP level 6. HP: 35/36 MP: 5/10
  2898 | D:5      | Entered Level 5 of the Dungeon
  2934 | D:5      | Noticed a black bear
  2940 | D:4      | Killed a black bear
  3113 | D:4      | You are sucked into a shaft and drop 1 floor!
  3113 | D:5      | Found an ornate altar of the Wu Jian Council.
  3201 | D:5      | Found Hummigol's General Store.
  3210 | D:5      | Reached XP level 7. HP: 41/41 MP: 6/11
  3276 | D:5      | Reached * piety under Vehumet
  3276 | D:5      | Offered knowledge of Kiss of Death by Vehumet.
  4263 | D:5      | Found a runed translucent door.
  4507 | D:5      | Reached XP level 8. HP: 36/48 MP: 5/12
  4713 | D:5      | Learned a level 4 spell: Airstrike
  4716 | D:5      | Reached ** piety under Vehumet
  4727 | D:5      | Reached skill level 5 in Fighting
  4870 | D:6      | Noticed a two-headed ogre
  4909 | D:6      | Offered knowledge of Searing Ray by Vehumet.
  5165 | D:6      | Noticed Maggie
  5170 | D:6      | Killed Maggie
  5171 | D:6      | Reached XP level 9. HP: 55/55 MP: 0/13
  5292 | D:6      | Found a runed translucent door.
  5293 | D:6      | Noticed Crazy Yiuf
  5298 | D:6      | Killed Crazy Yiuf
  5425 | D:6      | Killed a two-headed ogre
  5551 | D:6      | Offered knowledge of Frozen Ramparts by Vehumet.
  5636 | D:6      | Found a hazy altar of Hepliaklqana.
  5705 | D:6      | Found a bloodstained altar of Trog.
  5871 | D:7      | Reached skill level 10 in Air Magic
  6124 | D:7      | Found a sparkling altar of Nemelex Xobeh.
  6167 | D:7      | Reached *** piety under Vehumet
  6517 | D:8      | Reached XP level 10. HP: 61/61 MP: 9/14
  6582 | D:8      | Reached skill level 5 in Dodging
  7007 | D:9      | Noticed a two-headed ogre
  7010 | D:9      | Killed a two-headed ogre
  7011 | D:9      | Reached skill level 10 in Conjurations
  7046 | D:9      | Noticed Gastronok
  7128 | D:9      | Killed Gastronok
  7129 | D:9      | Reached skill level 5 in Armour
  7363 | D:9      | Offered knowledge of Mephitic Cloud by Vehumet.
  7755 | D:10     | Entered Level 10 of the Dungeon
  7755 | D:10     | Noticed a kobold demonologist
  7755 | D:10     | Noticed a kobold demonologist
  7787 | D:10     | Noticed a cyan ugly thing
  7788 | D:10     | Found a shadowy altar of Dithmenos.
  7788 | D:10     | Found a transporter.
  7789 | D:10     | Noticed a deep elf archer
  7856 | D:10     | Reached XP level 11. HP: 45/68 MP: 11/15
  7957 | D:10     | Found a staircase to the Orcish Mines.
  8075 | D:10     | Found a broken altar of Ashenzari.
  8228 | D:10     | Reached **** piety under Vehumet
  8228 | D:10     | Noticed Lodul
  8258 | D:10     | Found a transporter.
  8397 | D:10     | Offered knowledge of Yara's Violent Unravelling by Vehumet.
  8537 | D:10     | Killed Lodul
  8691 | Orc:1    | Entered Level 1 of the Orcish Mines
  8806 | Orc:1    | Noticed an orc sorcerer
  8808 | Orc:1    | Killed an orc sorcerer
  9101 | Orc:2    | Entered Level 2 of the Orcish Mines
  9554 | Orc:2    | Found a staircase to the Elven Halls.
  9627 | Orc:1    | Reached ***** piety under Vehumet
  9875 | Orc:2    | Offered knowledge of Lightning Bolt by Vehumet.
  9882 | Orc:2    | Learned a level 5 spell: Lightning Bolt
  9907 | Orc:2    | Noticed an orc knight
 10062 | Orc:2    | HP: 3/71 [poisoned by an orc knight]
 10063 | Orc:2    | HP: 1/71 [poisoned by an orc knight]
 10064 | Orc:2    | Succumbed to an orc knight's poison

Illustrated notes

Levels and vault maps discovered:
D:1:      sevenhm_arrival_forest_fort_large_4, layout_basic,
          chequers_serial_rivers_micro_e
D:2:      layout_loops_cross, chequers_serial_rivers_large_b, uniq_terence
D:3:      layout_loops_ring, grunt_temple_overflow_magic_moments,
          mainiacjoe_overflow_24_doors, elyvilon_altar_3, okawaru_trees_2,
          minitemple, serial_shops, nicolae_shop_advertising_works
          [nicolae_subvault_shop_adworks]
D:4:      layout_loops_ring, nicolae_uskayaw_murder_on_the_dancefloor,
          minmay_temple_entry_statues_pillars, uniq_eustachio
D:5:      layout_loops_cross, nzn_wu_jian_contemplation, serial_rivers,
          chequers_serial_rivers_micro_d, chequers_serial_rivers_room_b,
          chequers_serial_rivers_room_a, chequers_serial_rivers_micro_d,
          chequers_serial_rivers_room_b, serial_shops, shop,
          hangedman_decor_push, nrook_pool_corridor, lightli_church_of_beogh
D:6:      layout_cave_pools, worldfamousw_hep_ancestral_shrine,
          mainiacjoe_overflow_alcove_4, nrook_mini_backslash,
          uniq_crazy_yiuf_cottage, uniq_maggie
D:7:      layout_rooms, nemelex_spade_bored_becter, uniq_menkaure
D:8:      layout_rooms
D:9:      layout_big_octagon, uniq_gastronok
D:10:     layout_small_grid, gammafunk_temple_overflow_arena,
          general_overflow_altar, minmay_orc_entry_guard_dogs, uniq_lodul
Orc:1:    layout_diamond_mine, basic_altar
Orc:2:    pf_orc_diabolical, layout_diamond_mine, roderic_batcave

Skill      XL: |  1  2  3  4  5  6  7  8  9 10 11 |
---------------+----------------------------------+-----
Conjurations   | 2 3 5 6 8 9 11 12 | 12.0
Air Magic      | 5 6 8 9 10 11 12 | 12.6
Fighting       | 1 2 3 4 5 6 8 9 |  9.0
Armour         | 2 4 6 7 |  7.0
Dodging        | 3 4 6 7 |  7.9
Stealth        | |  2.0
Spellcasting   | |  2.9

Action                   |  1- 3 |  4- 6 |  7- 9 | 10-12 || total
-------------------------+-------+-------+-------+-------++-------
Melee: Unarmed           |     2 |       |       |       ||     2
       Peck              |     2 |       |       |     2 ||     4
       Kick              |     1 |       |       |     2 ||     3
       Dagger            |     6 |       |       |       ||     6
       Staff             |       |     1 |     2 |     7 ||    10
 Cast: Shock             |    46 |    90 |   238 |   259 ||   633
       Static Discharge  |     2 |     6 |    22 |    64 ||    94
       Airstrike         |       |       |    13 |    38 ||    51
       Swiftness         |       |       |     1 |       ||     1
       Lightning Bolt    |       |       |       |     3 ||     3
  Use: Scroll            |     2 |       |       |    16 ||    18
       Potion            |       |       |       |     2 ||     2
 Stab: Sleeping          |     1 |       |       |       ||     1
Armor: Robe              |     3 |     5 |     1 |       ||     9
       Steam dragon scal |       |       |     8 |    21 ||    29
Dodge: Dodged            |    11 |    15 |    43 |   198 ||   267

Table legend: (Time is in decaauts)
 A = Elapsed time spent in this place.
 B = Non-inter-level travel time spent in this place.
 C = Inter-level travel time spent in this place.
 D = Time resting spent in this place.
 E = Time spent auto-exploring this place.
 F = Levels seen in this place.
 G = Mean time per level.
                   A        B        C        D        E       F      G
               +--------+--------+--------+--------+--------+-----+--------+
         Total |   9674 |   9189 |    485 |    358 |   7113 |  12 |  806.2 |
       Dungeon |   8396 |   7976 |    420 |    238 |   6319 |  10 |  839.6 |
  Orcish Mines |   1277 |   1212 |     65 |    120 |    794 |   2 |  638.5 |
               +--------+--------+--------+--------+--------+-----+--------+

Top non-repeatable levels by time:
     D:5: 1427 daAuts
     D:1: 964 daAuts
    D:10: 867 daAuts
     D:3: 853 daAuts
     D:4: 840 daAuts
     D:2: 807 daAuts
     D:6: 760 daAuts
     D:9: 720 daAuts
   Orc:1: 704 daAuts
     D:8: 579 daAuts
     D:7: 575 daAuts
   Orc:2: 573 daAuts
